[Event "*** Biggest EVER Titled Tuesday"]
[Site "Chess.com"]
[Date "2018.04.17"]
[Round "10"]
[White "AlexTriapishko"]
[Black "Shant_Sargsyan"]
[Result "1-0"]
[WhiteElo "2717"]
[BlackElo "2799"]
[TimeControl "180+2"]
[EndTime "15:25:31 PDT"]
[Termination "AlexTriapishko won by resignation"]

1. e4 e5 2. Bc4 Nf6 3. d3 Bc5 4.
Nc3 Nc6 5. Nf3 h6 6. O-O d6 7.
Na4 Bb6 8. c3 O-O 9. b4 Be6 10.
Bb3 Ne7 11. Re1 Ng6 12. d4 Re8 13. Bxe6 Rxe6 14. dxe5 Nxe5 15. Nd4 Re8 16. Nxb6 axb6 17. f3 Qd7 18. a4 Ng6 19. c4 c6 20. Nf5 d5 21. cxd5 cxd5 22. Bb2 Re6 23. e5 Nh7 24. Nd6 Ne7 25. b5 Nf8 26. Bd4 Nfg6 27. g3 f6 28. f4 fxe5 29. fxe5 Rf8 30. Qd3 Nc8 31. Nxc8 Rxc8 32. Re2 Rc4 33. Rf1 Kh7 34. Ref2 Rc7 35. h4 Kh8 36. h5 Ne7 37. Rf8+ Ng8 38. Ra8 Rc8 39. Rxc8 Qxc8 40. Rf7 Qc1+ 41. Kg2 Qg5 42. Qf5 Qd2+ 43. Bf2 Re7 44. Rxe7 Nxe7 45. Qf8+ Ng8 46. e6 Qe2 47. Qf5 Nf6 48. Kh3 Qf1+ 49. Kh2 Qe2 50. Kg2 Kg8 51. Kh3 Qf1+ 52. Kh2 Qe2 53. Kh3 Qf1+ 54. Kh2 Qe2 55. Kh3 Qxh5+ 56.
Qxh5 Nxh5 57. Bxb6 Nf6 58. Bd4 Ne8 59. a5 Nd6 60. a6 bxa6 61. bxa6 Nb5 62. a7 Nxa7 63.
Bxa7 Kf8 64. Bc5+ Ke8 65. Kg4 g6 66. Kf4 h5 67. Kg5 h4 68. gxh4 d4 69. Kxg6 d3 70. Bb4 d2 71. Bxd2 1-0

[Event "*** Biggest EVER Titled Tuesday"]
[Site "Chess.com"]
[Date "2018.04.17"]
[Round "10"]
[White "josephymwale33"]
[Black "OK97"]
[Result "0-1"]
[WhiteElo "2160"]
[BlackElo "2555"]
[TimeControl "180+2"]
[EndTime "15:25:39 PDT"]
[Termination "OK97 won by resignation"]

1. d4 d6 2. c4 e5 3. d5 Be7 4. Nc3 Bg5 5. e4 Bxc1 6. Rxc1 a5 7. h3 Ne7 8. Bd3 O-O 9. Nge2 Na6 10. O-O Nc5 11. Bc2 f5 12. exf5 Bxf5 13. a3 Bxc2 14. Qxc2 a4 15. Ng3 Ng6 16. Nce4 Nb3 17. Rce1 Nd4 18. Qd1 Nf4 19. Nc3 Qd7 20. Nce2 Ndxe2+ 21. Nxe2 Ng6 22. Ng3 Rf4 23. Re4 Raf8 24. Qc2 Nh4 25.
Nh5 Rxe4 26. Qxe4 Nf5 27. Qg4 Qf7 28. Re1 Nd4 29. Rf1 g6 30. Ng3 c6 31. dxc6 bxc6 32.
Ne4 Qxc4 33. f3 d5 34. Ng5 Ne2+ 35. Kh2 Qxg4 36. hxg4 Rb8 37. Rf2 Rxb2 38. Ne6 Ra2 39. Nc5 d4 40. Nd3 Rxa3 41. Nxe5 Nc3 42. f4 Ra2 43.
Rf3 Re2 44. Nxc6 a3 45. Nxd4 a2 46. Rxc3 a1=Q 47. Nxe2 Qe1 48. Re3 Qh4+ 49. Kg1 Qxg4 50. Kf2 Qh4+ 51. Rg3 Qf6 52. Rf3 Qb6+ 53. Re3 Kf7 54.
Ng3 Qc5 55. Kf3 Qc6+ 56. Kf2 h6 57. Ne4 Qb6 58. Kf3 Qb7 59. Rd3 Ke7 60. Ke3 Qa7+ 61. Kf3 Qg1 62. Re3 Kd7 63. Nf6+ Kc6 64. Ne4 Qf1+ 65. Nf2 Kb5 66. Kg3 Qa1 67. Re5+ Kc4 68. Re6 Qb1 69. Kh2 Kd5 70. Re5+ Kd4 71. Re2 Qb8 72. g3 Kd5 73. Ng4 h5 74. Nf6+ Kd4 75. Rd2+ Ke3 76. Rg2 Kf3 77. Nd5 Qb3 78. Nc7 Kg4 79. Ne8 Qe6 80. Nc7 Qd7 81. Na6 Qb5 82. Nc7 Qc6 83. f5 gxf5 84. Rf2 Qxc7 85. Rf4+ Qxf4 86.
gxf4 Kxf4 87. Kh3 Ke3 88. Kg3 f4+ 89. Kg2 Ke2 90. Kh3 f3 91. Kh2 f2 92. Kh3 f1=Q+ 93. Kh2 Qf4+ 94. Kh3 Qg4+ 95. Kh2 Kf2 0-1

[Event "*** Biggest EVER Titled Tuesday"]
[Site "Chess.com"]
[Date "2018.04.17"]
[Round "10"]
[White "Andreikka"]
[Black "MikaelyanArman"]
[Result "1-0"]
[WhiteElo "2791"]
[BlackElo "2608"]
[TimeControl "180+2"]
[EndTime "15:25:45 PDT"]
[Termination "Andreikka won on time"]

1. d4 d5 2. Nf3 Nf6 3. Bf4 e6 4. e3 c5 5. Nbd2 Nc6 6. c3 Bd6 7. Bg3 O-O 8. Bd3 b6 9. Qe2 Bb7 10. Rd1 Re8 11. e4 Be7 12. e5 Nh5 13. a3 f6 14.
exf6 Bxf6 15. Qe3 e5 16. dxe5 Nxg3 17. hxg3 h6 18. Bb5 Qc7 19. O-O Bxe5 20. Rfe1 Bf6 21. Qxe8+ Rxe8 22. Rxe8+ Kf7 23. Ree1 a6 24. Bd3 Ne7 25.
Nf1 g5 26. Ne3 h5 27. g4 h4 28. Nf5 Ng6 29. Re3 Nf4 30. Bb1 d4 31. Ba2+ Bd5 32.
Bxd5+ Nxd5 33. Ree1 h3 34. g3 Qc6 35. cxd4 c4 36. Kh2 Nf4 37. Re3 Nd3 38. Rd2 Qd5 39. Kxh3 b5 40. Kh2 a5 41. Ne1 Nxe1 42. Rxe1 b4 43. axb4 axb4 44. Rc2 c3 45. bxc3 b3 46.
Rb2 Qf3 47. Rc1 Kg6 48. Ne3 Be7 49. Kg1 Ba3 50. Rcb1 Bxb2 51. Rxb2 Qb7 52. Nc4 Qa6 53. Ne5+ Kg7 54. Rxb3 Qa1+ 55. Kg2 Qa8+ 56. Kh2 Qa2 57. Rb7+ Kg8 58. Rf7 Qc2 59. Rf3 Qe2 60. Kg1 Qe1+ 61.
Kg2 Qe4 62. Kh2 Qe2 63. Rf5 Kh7 64. d5 Qd2 65. c4 Qd4 66. Kg1 Qd1+ 67. Kg2 Qd2 68.
Nf3 Qd3 69. c5 Qe4 70. c6 Qxg4 71. Rf7+ Kg8 72. c7 Qc8 73. Ne5 Qe8 74. Rd7 1-0

[Event "*** Biggest EVER Titled Tuesday"]
[Site "Chess.com"]
[Date "2018.04.17"]
[Round "10"]
[White "vovachesss"]
[Black "biostatistician"]
[Result "1-0"]
[WhiteElo "2379"]
[BlackElo "2426"]
[TimeControl "180+2"]
[EndTime "15:25:50 PDT"]
[Termination "vovachesss won on time"]

1. Nf3 Nf6 2. g3 g6 3. Bg2 Bg7 4. O-O O-O 5. d4 b6 6. Ne5 c6 7.
c4 Bb7 8. Nc3 d6 9. Nd3 Nbd7 10. Bg5 e5 11. Ne4 Qc7 12. Nxf6+ Nxf6 13. dxe5 dxe5 14. c5 Rad8 15. Qc2 h6 16. Bxf6 Bxf6 17. Rfd1 Bg7 18. Rac1 b5 19. a4 a6 20. Rd2 Bc8 21. Nb4 Bf5 22. Qd1 Rxd2 23. Qxd2 Rd8 24. Qe3 e4 25. g4 Bxg4 26. Qxe4 Bxb2 27. Rf1 Bd7 28. axb5 axb5 29. Nxc6 Bxc6 30. Qxc6 Qxc6 31. Bxc6 b4 32. Bb7 Rd2 33. Be4 Rxe2 34. Bd5 Rd2 35. Bb7 b3 36. Rb1 Bd4 37. c6 Rxf2 38. Kh1 Be5 39.
Rxb3 Rxh2+ 40. Kg1 Rc2 41. Rd3 Kg7 42. Rd5 Kf6 43. Rd7 h5 44. Kh1 g5 45. Rd8 h4 46.
Rd3 g4 47. Bc8 h3 48. Bxg4 Rc1+ 49. Rd1 Rc3 50. Rf1+ Kg5 51. Bd7 f6 52. Rf5+ Kh4 53.
Rf1 Kg3 54. Rg1+ Kh4 55. Rf1 Rc2 56. Re1 h2 57. Rf1 Kg3 58. Rd1 Kf3 59. Bf5 Rc3 60.
Bc8 Kf4 61. Bb7 Kg3 62. Rf1 f5 63. Ba6 f4 64. Bb7 Bd4 65. c7 Rxc7 66. Be4 Rc3 67. Bd5 Bf2 68. Bb7 Rc2 69. Be4 Kh3 70. Bxc2 Kg3 71. Be4 Be3 72. Rf3+ Kg4 73. Kxh2 1-0

[Event "*** Biggest EVER Titled Tuesday"]
[Site "Chess.com"]
[Date "2018.04.17"]
[Round "10"]
[White "Winehouse83"]
[Black "EndgameGrinder"]
[Result "0-1"]
[WhiteElo "2335"]
[BlackElo "2466"]
[TimeControl "180+2"]
[EndTime "15:25:55 PDT"]
[Termination "EndgameGrinder won by resignation"]

1. e4 c5 2. Nf3 e6 3. g3 Nc6 4.
Bg2 Nf6 5. d3 Be7 6. O-O O-O 7. e5 Ng4 8. Re1 Qc7 9. Qe2 d6 10.
exd6 Bxd6 11. Nc3 a6 12. Ne4 Be7 13. Nfg5 Nf6 14. c3 e5 15. Be3 Nxe4 16. Bxe4 h6 17. Qh5 Qd6 18. Bh7+ Kh8 19. Ne4 Qe6 20. Bxc5 Kxh7 21.
Ng5+ Bxg5 22. Bxf8 Qg6 23. Qxg6+ Kxg6 24. Bd6 Bf5 25.
Bxe5 Nxe5 26. Rxe5 Bxd3 27. Rd1 Bb5 28. Rd6+ Kh7 29. f4 Bf6 30. Re1 Kg8 31. Re3 Kf8 32.
b3 Rd8 33. Rxd8+ Bxd8 34. Kg2 Bc6+ 35. Kh3 f5 36. c4 Kf7 37. g4 fxg4+ 38. Kxg4 Bd7+ 39.
Kf3 Bc7 40. a4 a5 41. Rd3 Bc6+ 42. Kg4 g6 43. h4 Kf6 44. h5 gxh5+ 45. Kxh5 Bxf4 46.
Rd4 Bf3+ 47. Kh4 Ke5 48. Rd7 b6 49. Rb7 Be3 50. Re7+ Kd4 51. Re6 Kd3 52. Kg3 Bd1 53. c5 Bxc5 54. Rxh6 Bxb3 55. Rh4 Kc3 56. Kf3 Kb2 57.
Ke4 Ka3 58. Kd3 Bxa4 59. Kc3 Bb3 60. Rh1 Bb4+ 61. Kd4 Kb2 62. Kd3 Bd1 63. Rh2+ Kb3 64. Rh1 Bc2+ 65. Kd4 a4 66. Rh3+ Kb2 67. Kc4 Bc5 68.
Kb5 a3 69. Rh4 a2 70. Ra4 Bxa4+ 71. Ka6 a1=Q 72. Kb7 Bd7 73. Kb8 Kc1 0-1

[Event "*** Biggest EVER Titled Tuesday"]
[Site "Chess.com"]
[Date "2018.04.17"]
[Round "10"]
[White "FairChess_on_YouTube"]
[Black "Alexander_Moskalenko"]
[Result "0-1"]
[WhiteElo "2874"]
[BlackElo "2749"]
[TimeControl "180+2"]
[EndTime "15:26:09 PDT"]
[Termination "Alexander_Moskalenko won by resignation"]

1. d4 d5 2. c4 e6 3. Nc3 Nf6 4. cxd5 exd5 5. Bg5 c6 6. e3 Be7 7. Bd3 Nbd7 8. Nge2 h6 9. Bh4 Nh5 10. Bxe7 Qxe7 11. Qd2 Nb6 12. O-O-O Be6 13. Kb1 O-O-O 14. Nc1 Kb8 15. Nb3 Nf6 16. f3 Bc8 17. Rhe1 Rhe8 18.
Qf2 Qc7 19. g3 Re7 20. Rc1 Rde8 21. g4 Qd6 22. h3 Ka8 23. e4 dxe4 24. fxe4 Qd8 25.
Ka1 Be6 26. Nc5 Bc8 27. Bb1 Nfd7 28. Nb3 f6 29. Qf4 Nf8 30. Rcd1 Ne6 31. Qg3 Ng5 32. Nc5 Nd7 33. N3a4 Nxc5 34. dxc5 Qa5 35. Qa3 Kb8 36. Qg3+ Qc7 37. Rd6 Nxe4 38. Rxe4 Rxe4 39. Bxe4 Rxe4 40.
b3 Re5 41. Qd3 Qe7 42. Kb2 Kc7 43. Qc3 Rxc5 44. Qxc5 Qxd6 45. Qxa7 Qd2+ 46. Ka3 Qc1+ 47. Kb4 Qf4+ 48. Ka3 Qd6+ 49. Kb2 Qb4 50. Qe3 b6 51. a3 Qb5 52. Qe7+ Bd7 53. Qxg7 Qe2+ 54. Ka1 Qf1+ 55. Ka2 Qxh3 56. Qxf6 Bxg4 57. Qd4 Qh2+ 58. Ka1 Qh1+ 59. Ka2 Qg2+ 60. Ka1 Qf1+ 61. Kb2 Qe2+ 62. Kc1 Qe1+ 63.
Kb2 Qe2+ 64. Kc1 c5 65. Qg7+ Bd7 66. Nc3 Qe3+ 67. Kc2 Qe6 68. a4 Kb7 69. Kb2 h5 70.
Qh7 Qf5 71. Qh6 Qe5 72. Qh7 Qd4 73. Ka3 h4 74. Ka2 h3 75. Nb5 Qd2+ 76. Ka3 h2 77.
Qe4+ Bc6 78. Qe7+ Qd7 79. Nd6+ Kc7 80. Ne8+ Kb7 81. Nd6+ Ka7 82. Nc8+ Kb8 83. Qe5+ Qc7 84. Nd6 h1=Q 0-1

[Event "*** Biggest EVER Titled Tuesday"]
[Site "Chess.com"]
[Date "2018.04.17"]
[Round "10"]
[White "Vugar_Manafov"]
[Black "Kozok"]
[Result "1/2-1/2"]
[WhiteElo "2315"]
[BlackElo "2209"]
[TimeControl "180+2"]
[EndTime "15:26:10 PDT"]
[Termination "Game drawn by repetition"]

1. Nf3 d5 2. g3 Nf6 3. Bg2 Bf5 4. O-O c6 5. d3 h6 6. Nbd2 e6 7. c4 Nbd7 8. Rb1 a5 9. b3 Be7 10. Bb2 O-O 11. Re1 Re8 12. Ne5 Nxe5 13. Bxe5 Nd7 14. Ba1 Bf6 15. Bxf6 Qxf6 16. Qc2 Rec8 17. a3 b5 18. Qb2 Qe7 19. Rec1 Rab8 20. Qa2 b4 21. axb4 Qxb4 22. Ra1 Ra8 23. d4 Nb6 24. c5 Nd7 25.
Qa4 Rcb8 26. Qxb4 Rxb4 27. e3 a4 28. Ra3 Rab8 29. bxa4 Rb2 30. Nf1 Bd3 31. a5 Ba6 32. h3 Nf6 33. Rac3 Ra2 34. R3c2 Rxa5 35. Nd2 Bb5 36.
Rb2 Rba8 37. Rcb1 Ra3 38. Bf1 Bxf1 39. Kxf1 Ra1 40. Ke2 Rxb1 41. Nxb1 Kf8 42. Nc3 Ke7 43. Rb6 Rc8 44. Rb7+ Nd7 45. Na4 Kd8 46. Kd3 Rc7 47.
Rb4 Ra7 48. g4 g5 49. f3 Kc7 50. e4 Nf6 51. e5 Ng8 52. Ke3 Ne7 53. f4 Ng6 54. f5 Nf4 55. f6 Nxh3 56. Nb6 Nf4 57.
Rb1 Ra3+ 58. Kf2 Nd3+ 59. Ke2 Nf4+ 60. Kf2 Rd3 61. Na8+ Kc8 62. Rb6 Rxd4 63. Rxc6+ Kb7 64.
Rc7+ Kxa8 65. Rxf7 Ng6 66. c6 Kb8 67. Rb7+ Kc8 68.
Re7 Nxe5 69. Rxe6 Nxg4+ 70. Kg3 Rf4 71. f7 Rxf7 72. Kxg4 d4 73. Rxh6 Kc7 74. Kxg5 d3 75. Rh3 d2 76. Rd3 Rf2 77. Kg4 Kxc6 78. Kg3 Re2 79. Kf3 Rh2 80. Kg3 Re2 81. Kf3 Rh2 82.
Kg3 Re2 83. Kf3 Rh2 84. Kg3 Re2 85. Kf3 Rh2 86. Kg3 Re2 1/2-1/2

[Event "*** Biggest EVER Titled Tuesday"]
[Site "Chess.com"]
[Date "2018.04.17"]
[Round "10"]
[White "vuqaresedli"]
[Black "Journey_to_GrandMaster_YT"]
[Result "1/2-1/2"]
[WhiteElo "2373"]
[BlackElo "2393"]
[TimeControl "180+2"]
[EndTime "15:26:31 PDT"]
[Termination "Game drawn - insufficient material"]

1. Nf3 d6 2. d4 Nf6 3. Nc3 Nbd7 4. e4 e5 5. Bc4 Be7 6. O-O O-O 7. Re1 c6 8. a4 a5 9. Ba2 exd4 10. Nxd4 Nc5 11.
f3 Qb6 12. Kh1 Be6 13. Nxe6 fxe6 14. Be3 d5 15. Qd2 Rad8 16. e5 Nfd7 17. Bd4 Qb4 18.
Rad1 Nxa4 19. Nxa4 Qxa4 20. Bb1 c5 21. Be3 Qh4 22.
Qxa5 d4 23. Bg1 Qh5 24. Qc7 Bh4 25. Re4 Bg3 26. Qd6 Nxe5 27. Qxe6+ Kh8 28. c3 Nxf3 29. Qg4 Qxg4 30. Rxg4 Nxg1 31. Rxg3 Ne2 32. Rh3 dxc3 33. Re1 h6 34. bxc3 Rd2 35. Re3 g5 36. Be4 b5 37.
Bd3 Nxc3 38. h4 gxh4 39. Rh3 b4 40. Re7 Nd1 41. Rxh4 Nf2+ 42. Kh2 Rf6 43. Bc4 Rd4 44. Rxd4 cxd4 45. Rd7 Rc6 46. Rxd4 h5 47. Bb3 Rb6 48. Kg3 Ng4 49. Kh4 Nf6 50. Kg5 Kg7 51. Rc4 Rb5+ 52. Kf4 Nd5+ 53. Ke4 Nc3+ 54. Kd4 Kf6 55. Rc6+ Kg5 56.
Ke3 Nd5+ 57. Ke4 Nf6+ 58. Kf3 h4 59. Rc7 Re5 60. Rb7 Rc5 61. Rxb4 Rc3+ 62. Ke2 Rg3 63. Rb5+ Kf4 64. Rb4+ Kg5 65. Rb5+ Kh6 66. Kf1 Ng4 67. Bd5 Ne3+ 68. Kf2 Ng4+ 69. Ke2 Nf6 70. Bf3 Kg6 71. Ke3 Nd7 72. Kf4 Nf6 73. Rb6 Kg7 74. Rb7+ Kg6 75. Rb8 Rg5 76. Rh8 Ra5 77. Rxh4 Ra4+ 78. Kg3 Rxh4 79. Kxh4 Kf5 80. Be2 Kf4 81. g3+ Kf5 82. Bd3+ Ke6 83. Kg5 Kf7 84. Kh6 Ke6 85. Kg6 Ke7 86. Bf5 Nd5 87. Kh6 Kf6 88. Be4 Ne3 89. Kh5 Ke5 90. Bb1 Kf6 91. Kh6 Ng4+ 92. Kh5 Ne3 93.
Bd3 Nd5 94. Be4 Ne3 95. Bf3 Ke5 96. Be2 Kf6 97. Bd3 Ke5 98. Kg5 Ke6 99. Kf4 Nd5+ 100.
Kf3 Nf6 101. Kf4 Nh5+ 102. Kg4 Nxg3 103. Kxg3 1/2-1/2

[Event "*** Biggest EVER Titled Tuesday"]
[Site "Chess.com"]
[Date "2018.04.17"]
[Round "10"]
[White "Zhuu96"]
[Black "AkshatChandra"]
[Result "1-0"]
[WhiteElo "2763"]
[BlackElo "2812"]
[TimeControl "180+2"]
[EndTime "15:26:43 PDT"]
[Termination "Zhuu96 won by resignation"]

1. e4 e5 2. Nf3 Nc6 3. Bc4 Bc5 4. c3 Nf6 5. d4 exd4 6. cxd4 Bb4+ 7. Nc3 Nxe4 8. O-O Bxc3 9. d5 Bf6 10. Re1 O-O 11. Rxe4 Ne7 12. Bg5 Bxg5 13. Nxg5 d6 14. Nxh7 Bf5 15. Rh4 Re8 16. Qh5 Ng6 17.
Rd4 Re5 18. f4 Nxf4 19. Rxf4 Bg6 20. Qh3 Rh5 21. Qg3 Rxh7 22. Re1 Rh5 23. h4 Re5 24. Rxe5 dxe5 25. Rg4 Qf6 26. Rg5 Re8 27. d6 Kf8 28. dxc7 Qb6+ 29. Kh1 Qxc7 30. Qa3+ Qe7 31.
Qxa7 e4 32. Qe3 Qf6 33. h5 Bh7 34. Rb5 Qc6 35. b3 Qd7 36. h6 Qd1+ 37. Kh2 Qd6+ 38. Kg1 Qd1+ 39. Kf2 Bg6 40. Rxb7 Qh5 41. hxg7+ Kxg7 42. Rb5 Qh4+ 43. Kf1 Qh1+ 44. Qg1 Qh4 45. Qd4+ Kg8 46.
Rb6 Qh1+ 47. Qg1 Qh6 48. Qf2 Qc1+ 49. Qe1 Qf4+ 50. Kg1 Kg7 51. Qc3+ Kh7 52. Rf6 Qg5 53. Bxf7 Bxf7 54. Rxf7+ Kg8 55. Rf2 e3 56. Re2 Re7 57.
Qc4+ Kg7 58. Qd4+ Kg6 59. b4 Qg3 60. Qd3+ Kg7 61. b5 Re6 62. Qd4+ Kf7 63. Qd5 Ke7 64. Qb7+ Kf6 65. Qf3+ Qxf3 66. gxf3 Kf5 67. b6 Rxb6 68. Rxe3 Rb2 69. a3 Kf4 70. Rc3 Ra2 71. Kf1 Ke5 72. Rd3 Kf4 73. Ke1 Ke5 74. Kd1 Kf4 75. Kc1 Ke5 76. Kb1 Rh2 77. a4 Rh4 78. Ra3 Kd6 79. Kc2 Kc5 80. a5 Kb4 81. Ra1 Rh7 82. a6 Ra7 83.
Kd3 Kb5 84. f4 Kb6 85. f5 Rd7+ 86. Ke4 Ka7 87. Ke5 Re7+ 88. Kf6 Re2 89. Kf7 Rc2 90.
f6 Rg2 91. Kf8 Rf2 92. f7 Rf3 93. Rg1 Kxa6 94. Kg8 Kb7 95. f8=Q Rxf8+ 96. Kxf8 1-0

[Event "*** Biggest EVER Titled Tuesday"]
[Site "Chess.com"]
[Date "2018.04.17"]
[Round "10"]
[White "PawnEatingZombie"]
[Black "StoreySniper"]
[Result "0-1"]
[WhiteElo "2035"]
[BlackElo "2249"]
[TimeControl "180+2"]
[EndTime "15:26:50 PDT"]
[Termination "StoreySniper won by resignation"]

1. d4 g6 2. c4 Bg7 3. e4 c5 4. d5 d6 5. Nc3 a6 6. Bd3 b5 7. cxb5 Nf6 8. a4 O-O 9. Nf3 axb5 10. Bxb5 Ba6 11. Qe2 Bxb5 12. Nxb5 Na6 13. O-O Nd7 14. Bg5 h6 15. Bf4 Nb4 16. Rfb1 Nb6 17.
Qd1 Qd7 18. h3 Nxa4 19. Rxa4 Qxb5 20. Ra3 g5 21. Be3 Rfb8 22. Qd2 Bf6 23. g3 Qc4 24. e5 dxe5 25. Rc3 Qe4 26. Rbc1 Nxd5 27. Rxc5 Nxe3 28. Qxe3 Qxe3 29. fxe3 Rxb2 30. Nxe5 Raa2 31. Ng4 h5 32. Nxf6+ exf6 33. Rf5 Rg2+ 34. Kh1 Rxg3 35. Rxf6 Rxh3+ 36. Kg1 Rg3+ 37. Kh1 Rxe3 38. Rcf1 Re7 39.
R6f5 Kg7 40. Rxg5+ Kh6 41. Rgf5 Raa7 42. Rf6+ Kg7 43.
R6f5 Re6 44. Rxh5 Rg6 45. Rhf5 Ra4 46. Rh5 Rag4 47. Rh2 R6g5 48. Re1 f5 49. Rb1 Rg6 50. Rf2 Kf6 51. Rb6+ Kg7 52. Rxg6+ Kxg6 53. Kh2 Kg5 54. Ra2 Kf4 55. Ra4+ Kg5 56. Ra8 Kf4 57. Ra4+ Kg5 58. Ra8 Re4 59. Rg8+ Kf4 60. Kg2 Re2+ 61. Kf1 Rb2 62.
Ra8 Rb1+ 63. Kf2 Rb2+ 64. Kf1 Rb3 65. Kf2 Kg4 66. Rg8+ Kf4 67. Ra8 Rb2+ 68. Kf1 Rb3 69. Kf2 Rc3 70. Rb8 Kg4 71. Rg8+ Kf4 72. Rb8 Rc2+ 73. Kf1 Kg4 74. Rg8+ Kf3 75. Ke1 f4 76. Ra8 Rc1+ 77. Kd2 Rb1 78. Rf8 Rb4 79. Rf7 Re4 80. Rf8 Kf2 81. Rf7 f3 82. Rf8 Rd4+ 83. Kc2 Ke2 84.
Re8+ Kf1 85. Rf8 f2 86. Kc3 Rg4 87. Kd3 Kg1 88. Ke2 Re4+ 89. Kd3 Re1 90. Rg8+ Kh2 91. Rh8+ Kg3 92. Rg8+ Kh4 93. Rh8+ Kg5 94. Rg8+ Kh6 95. Rf8 f1=Q+ 0-1

[Event "*** Biggest EVER Titled Tuesday"]
[Site "Chess.com"]
[Date "2018.04.17"]
[Round "10"]
[White "nikitakhoroshev"]
[Black "ZapataCharlesS"]
[Result "0-1"]
[WhiteElo "2531"]
[BlackElo "2723"]
[TimeControl "180+2"]
[EndTime "15:26:57 PDT"]
[Termination "ZapataCharlesS won by resignation"]

1. d4 d5 2. Nc3 c6 3. Bf4 Nf6 4.
e3 Bg4 5. f3 Bc8 6. Bd3 g6 7.
Nge2 Bg7 8. e4 O-O 9. Qd2 dxe4 10. fxe4 c5 11. d5 e6 12. O-O exd5 13. exd5 Nxd5 14.
Bg5 Ne7 15. Qe3 Nbc6 16. Qxc5 h6 17. Bh4 Qb6 18. Qxb6 axb6 19. Bf2 Ne5 20. Bb5 Be6 21. Bxb6 Nf5 22. Rfd1 Ng4 23. Nf4 Be5 24. Ncd5 Bxd5 25. Nxd5 Bxh2+ 26. Kf1 Kg7 27. Ke2 h5 28. c3 Be5 29.
Bd7 Nh4 30. Kf1 Ra6 31. Re1 Nf6 32. Nxf6 Kxf6 33. Bf2 Nf5 34. Bb5 Raa8 35. a3 Rfd8 36. Rad1 Ng3+ 37. Kg1 Rxd1 38. Rxd1 Ne4 39. Be3 Nd6 40.
Be2 Re8 41. Bf2 Ne4 42. Bb6 Re6 43. Bd8+ Kg7 44. Bc4 Rc6 45. Bd3 Nc5 46. Bc2 Bg3 47. Be7 b5 48. Rf1 f5 49. Rf3 f4 50. Rf1 Na4 51. Bd3 Nxb2 52. Bxb5 Rxc3 53. Bd6 Nc4 54. Bb4 Rc2 55. Ba4 Re2 56. Bb5 Re4 57.
Bc3+ Kh6 58. a4 Ne3 59. Rc1 Nd5 60. Ba1 Rb4 61. Bc6 Ne3 62. a5 Ng4 63. Rf1 Rc4 64. Bb7 Bh4 65. a6 Bd8 66. Rb1 Bb6+ 67. Kf1 Be3 68. Ke1 Rc2 69. Kd1 Rd2+ 70. Ke1 Rc2 71. Kd1 Rd2+ 72. Ke1 Nf2 73. Rb3 Rd1+ 74. Ke2 Rxa1 75.
g3 Ra2+ 76. Kf3 g5 77. gxf4 gxf4 78. Rc3 Ng4 79. Ke4 Kg7 80. Kf5 Nh6+ 81. Ke6 Kg6 82. Rb3 Kg5 83. Kd6 Nf5+ 84. Ke5 Nd4 85. Rb1 h4 86.
Ke4 Ra5 87. Kd3 Nf5 88. Kc4 h3 89. Rh1 Kh4 90. Bc8 Nd6+ 91. Kd3 Nxc8 92. a7 Nxa7 93. Ke4 Rg5 94. Kf3 Rg3+ 95. Ke4 Nc6 96. Kf5 Nd4+ 97. Ke4 Ne2 98. Kd3 Ng1 99. Ke4 Rg2 100.
Kf5 Kg3 101. Rxh3+ 0-1

[Event "*** Biggest EVER Titled Tuesday"]
[Site "Chess.com"]
[Date "2018.04.17"]
[Round "10"]
[White "IMRosen"]
[Black "ahmadzada13"]
[Result "1/2-1/2"]
[WhiteElo "2409"]
[BlackElo "2549"]
[TimeControl "180+2"]
[EndTime "15:27:53 PDT"]
[Termination "Game drawn by repetition"]

1. d4 Nf6 2. Bf4 c5 3. e3 cxd4 4. exd4 d5 5. c3 Nc6 6. Bd3 Bg4 7. Qb3 Qd7 8. Nd2 e6 9. Ngf3 Be7 10. Ne5 Qc8 11. Nxg4 Nxg4 12. O-O O-O 13. Rfe1 Qd7 14. Nf3 Bd6 15. Ne5 Ncxe5 16. dxe5 Bc5 17. Bg3 f6 18.
Kh1 fxe5 19. f3 e4 20. Bxe4 Bf2 21. Bxh7+ Kh8 22. Qc2 Bxe1 23. Rxe1 Nh6 24. Be5 Nf7 25. Bg6 Nxe5 26. Rxe5 Rf6 27. h4 Kg8 28. h5 Qd6 29. Qe2 Raf8 30. Kg1 Rc8 31. Qe3 Rc4 32. b3 Rc7 33. Rg5 Qc5 34. Qxc5 Rxc5 35. c4 b6 36. Rg4 dxc4 37. bxc4 e5 38. Be4 Kf8 39. Bd5 b5 40. Re4 Rd6 41. Kf2 bxc4 42. Bxc4 Rd4 43. Bb3 Rxe4 44.
fxe4 Ke7 45. Kf3 Kf6 46. Kg4 Rc3 47. Bd5 Rc2 48. g3 Rh2 49. Bc4 Rf2 50. Bd5 Re2 51.
Kf3 Re1 52. Kg4 a5 53. Bc6 Rc1 54. Bd5 Rc2 55. Bg8 Re2 56. Bd5 Re3 57. Bc6 Ra3 58.
Bd5 Ke7 59. Bg8 Re3 60. Bd5 a4 61. Bc6 a3 62. Bd5 Re2 63. Kf5 Rg2 64. g4 Kd6 65.
Bg8 Kc5 66. g5 Kd4 67. Bd5 Ke3 68. g6 Rh2 69. Kxe5 Rxh5+ 70. Ke6 Kd4 71. Kf7 Rg5 72. Kxg7 Ke5 73. Kh6 Kf6 74. Bf7 Rg2 75. Kh5 Rh2+ 76.
Kg4 Rg2+ 77. Kf4 Rb2 78. Ke3 Rb4 79. Kd3 Rb6 80. Kc4 Rb2 81. Kc5 Rb8 82. Kd6 Rb6+ 83.
Kd5 Rb2 84. Kd4 Rd2+ 85. Kc3 Rb2 86. Kc4 Rxa2 87. e5+ Kxe5 88. Kb4 Rg2 89. Kxa3 Kd4 90. Kb3 Rg3+ 91. Kb4 Rg1 92. Kb3 Rb1+ 93. Kc2 Rg1 94. Kb3 Kc5 95. Kc3 Rg3+ 96. Kd2 Kd4 97. Kc2 Rg5 98. Kb3 Rb5+ 99. Kc2 Rg5 100. Kb3 Kc5 101. Kc3 Rg3+ 102. Kc2 Kd6 103. Kd2 Ke5 104. Kc2 Kd4 105. Kb2 Kd3 106. Kb3 Rg5 107. Kb4 Kd4 108. Kb3 Rb5+ 109. Kc2 Rg5 110. Kb3 Rg4 111. Kb4 Rg5 112. Kb3 1/2-1/2

[Event "*** Biggest EVER Titled Tuesday"]
[Site "Chess.com"]
[Date "2018.04.17"]
[Round "10"]
[White "shyam"]
[Black "Abund"]
[Result "1/2-1/2"]
[WhiteElo "2580"]
[BlackElo "2488"]
[TimeControl "180+2"]
[EndTime "15:28:24 PDT"]
[Termination "Game drawn by repetition"]

1. e4 c6 2. d4 d5 3. exd5 cxd5 4. Bd3 Nc6 5. c3 Qc7 6. Ne2 Bg4 7. O-O e6 8. Qe1 Bd6 9. f3 Bh5 10. Qh4 Bg6 11.
Bxg6 fxg6 12. Nf4 Qe7 13. Nxg6 Qxh4 14. Nxh4 Nf6 15. g3 O-O 16. f4 b5 17. Nd2 b4 18.
Re1 Rfe8 19. Nhf3 Rac8 20. c4 dxc4 21. Nxc4 Nxd4 22. Nxd4 Rxc4 23. Be3 Ng4 24. Nb3 Rc2 25. Rad1 Bc7 26. Bd4 Nxh2 27. Rd3 Rd8 28. Rxe6 Bb6 29. Ree3 Rxb2 30. Bxb6 Rxd3 31. Rxd3 axb6 32. Rd6 Nf3+ 33.
Kf1 Rxa2 34. Rxb6 Rb2 35. Nc5 b3 36. Rb7 Nd4 37. g4 h6 38. f5 Nf3 39. Ne6 Rb1+ 40. Kf2 b2 41. Kxf3 Rf1+ 42. Kg3 b1=Q 43. Rxb1 Rxb1 44. Kh4 Rh1+ 45. Kg3 Kf7 46. Nf4 Rg1+ 47.
Kf3 Rf1+ 48. Kg3 Ra1 49. Nh5 Ra3+ 50. Kh4 Ra4 51. Kg3 Rb4 52. Nf4 Rd4 53. Nh5 Ra4 54.
Nf4 Kf6 55. Kf3 Ra3+ 56. Ke4 Ra4+ 57. Kf3 Ra7 58. Kg3 Ke5 59. Ne6 Ke4 60. Kh4 Ke5 61.
Kh5 Re7 62. Nf8 Kf6 63. Ne6 Ra7 64. Nf4 Ra1 65. Kh4 Rh1+ 66. Kg3 Ra1 67. Nh5+ Kf7 68. Kf4 Ra4+ 69. Kg3 Rb4 70. Kh3 Rb8 71. Kg3 Rc8 72.
Kf4 Ra8 73. Kf3 Ra7 74. Kf4 Ra6 75. Kf3 Ra4 76. Kg3 Rb4 77. Kf3 Ra4 78. Kg3 g6 79. fxg6+ Kxg6 80. Nf4+ Kf6 81. Nh3 Kg6 82. Nf4+ Kg5 83.
Nh3+ Kf6 84. Kh4 Kg6 85. Kg3 Ra5 86. Nf4+ Kf6 87. Kh4 Ra4 88. Nh5+ Ke5 89. Ng3 Kf4 90.
Nf5 Ra1 91. Kh5 Rh1+ 92. Kg6 Kxg4 93. Nxh6+ Kf4 94. Nf5 Ra1 95. Nh6 Ra6+ 96. Kh5 Rb6 97. Ng8 Kf5 98. Nh6+ Kf4 99. Ng8 Ra6 100. Nh6 Rb6 101. Ng8 Ke5 102. Kg5 Rb1 103. Nh6 Rg1+ 104. Ng4+ Ke4 105.
Kh5 Kf5 106. Nh6+ Kf4 107. Nf7 Rg7 108. Nh6 Rg5+ 109. Kh4 Rg6 110. Kh5 Rg7 111. Kh4 Rg6 112. Kh5 Rg1 113. Nf7 Kf5 114. Nh6+ Kf6 115. Ng4+ Kf5 116. Nh6+ Kf4 1/2-1/2